 Dungeon Crawl Stone Soup version 0.28-a0-1555-g9ae15a6949 (webtiles) character file.

Game seed: 14829443830093861635

91 frimble the Cutter (level 4, -9/33 HPs)
             Began as a Demonspawn Warper on Jan 19, 2022.
             Mangled by a gnoll (11 damage)
             ... while paralysed by Grinder
             ... on level 3 of the Dungeon.
             The game lasted 00:03:48 (3195 turns).

frimble the Cutter (Demonspawn Warper)              Turns: 3195, Time: 00:03:49

Health: -9/33      AC:  3    Str: 11    XL:     4   Next: 33%
Magic:  7/7        EV:  2    Int: 17    God:
Gold:   51         SH:  0    Dex: 12    Spells: 5/7 levels left

rFire   . . .      SeeInvis .   a - +0 short sword
rCold   . . .      Faith    .   (no shield)
rNeg    . . .      Spirit   .   b - +0 leather armour
rPois   .          Reflect  .   (helmet restricted)
rElec   .          Harm     .   (no cloak)
rCorr   .          Rampage  .   (no gloves)
Will    +....                   (no boots)
Stlth   +.........              (no amulet)
HPRegen 0.11/turn               n - ring of willpower
MPRegen 0.10/turn               (no ring)

@: paralysed, agile
A: antennae 1, powered by pain 1, spiny 1
a: no special abilities


You were on level 3 of the Dungeon.
You visited 1 branch of the dungeon, and saw 3 of its levels.

You collected 51 gold pieces.

Inventory:

Hand Weapons
 a - a +0 short sword (weapon)
Missiles
 g - 37 sling bullets
 l - 3 poisoned darts (quivered)
Armour
 b - a +0 leather armour (worn)
Jewellery
 n - a ring of willpower (left hand)
Scrolls
 c - a scroll of blinking
 f - a scroll of fear
 h - a scroll of magic mapping
 j - a scroll of immolation
 p - a scroll of vulnerability {unknown}
 q - a scroll of teleportation {unknown}
Potions
 e - a potion of degeneration {unknown}
 i - a potion of heal wounds {unknown}
 k - a potion of berserk rage {unknown}
 m - a potion of mutation {unknown}
 o - a potion of ambrosia {unknown}


   Skills:
 - Level 2.0 Fighting
 + Level 3.9 Short Blades
 + Level 1.7 Throwing
 - Level 0.8 Armour
 - Level 1.7 Dodging
 - Level 2.0 Spellcasting
 - Level 2.6 Translocations


You had 5 spell levels left.
You knew the following spells:

 Your Spells              Type           Power      Damage    Failure   Level
a - Blink                 Tloc           20%        N/A       13%         2

Your spell library contained the following spells:

 Spells                   Type           Power      Damage    Failure   Level
 Gell's Gravitas          Tloc           10%        N/A       26%         3
 Lesser Beckoning         Tloc           10%        N/A       26%         3
 Teleport Other           Tloc           10%        N/A       26%         3
 Manifold Assault         Tloc           10%        N/A       93%         5


Dungeon Overview and Level Annotations

Branches:
Dungeon (3/15)

Altars:

Annotations:
D:3 Grinder


Innate Abilities, Weirdness & Mutations

You have a pair of small antennae on your head.
You sometimes gain a little power by taking damage.
You are partially covered in sharp spines.


Message History

Press: ? - help, Q - select action, (/) - cycle Shift-Dir - straight line You throw a poisoned dart.
A gnoll comes into view. It is wielding a +0 spear.
The gnoll shouts!
The gnoll is struck by your spines. The gnoll hits you with a +0 spear.
You hit the gnoll but do no damage.
The gnoll is lightly wounded.
A gnoll comes into view. It is wielding a +0 club.
The gnoll is struck by your spines. The gnoll closely misses you.
You hit the gnoll.
The gnoll is severely wounded.
The gnoll is struck by your spines.
You kill the gnoll!
Throw: 4 darts (poison)
Press: ? - help, Q - select action, (/) - cycle Shift-Dir - straight line, f - gnoll
Aim: a gnoll, wielding a +0 flail (61% to hit)
You throw a poisoned dart. The poisoned dart hits the gnoll.
The gnoll is poisoned.
You closely miss the gnoll. The gnoll hits you with a +0 flail!
You focus on the pain.
You feel agile all of a sudden.
You hit the gnoll but do no damage. The gnoll hits you with a +0 flail.
You barely miss the gnoll.
The gnoll is lightly wounded.
The gnoll barely misses you. x2
You see here a poisoned dart.
Grinder comes into view.
Grinder shouts!
The gnoll looks more healthy.
Grinder gestures at you. You resist with some effort.
You barely miss Grinder. Grinder gestures at you.
You suddenly lose the ability to move!
The gnoll hits you with a +0 flail.
Grinder blinks!
The gnoll completely misses you. The gnoll is struck by your spines.
The gnoll hits you with a +0 flail.
The gnoll hits you from afar with a +0 spear!
* * * LOW HITPOINT WARNING * * *
The gnoll hits you with a +0 flail!
You die...

.....# .... .....# ....
.....# ..... .....##### #
###.>... .....#...#####..
#####...# ...............#
###..)(.# #.###....#....#
###..(#####
......#..>.##).###g..#####
........####
#.ยง@gg5........ .....[###
####.########## ......####
#####..#
.........###.....##
########..##.##### ##....#
########..###
#...........###
##.#########...#### #


You could see Grinder and 3 gnolls.

Vanquished Creatures
  4 adders
  A gnoll (D:3)
  A worm (D:3)
  4 dart slugs
  A bat (D:1)
  2 endoplasms
  3 goblins
  4 hobgoblins
  A jackal (D:3)
  3 kobolds
  A quokka (D:3)
  3 ball pythons
  6 frilled lizards
  3 rats (D:3)
37 creatures vanquished.

Vanquished Creatures (others)
  4 toadstools (D:1)
4 creatures vanquished.

Grand Total: 41 creatures vanquished

Notes
Turn   | Place    | Note
-------+----------+-------------------------------------------
     0 | D:1      | frimble the Demonspawn Warper began the quest for the Orb.
     0 | D:1      | Reached XP level 1. HP: 16/16 MP: 3/3
    41 | D:1      | Reached skill level 2 in Short Blades
   301 | D:1      | Gained mutation: You sometimes gain a little power by
                  | taking damage. [demonic ancestry]
   301 | D:1      | Reached XP level 2. HP: 8/22 MP: 5/5
   304 | D:1      | Learned a level 2 spell: Blink
   866 | D:1      | Found a faded altar of an unknown god.
  1365 | D:3      | Reached skill level 3 in Short Blades
  1406 | D:3      | Discovered your monstrous ancestry.
  1406 | D:3      | Gained mutation: You have a pair of small antennae on your
                  | head. [demonic ancestry]
  1406 | D:3      | Reached XP level 3. HP: 7/27 MP: 6/6
  1919 | D:3      | Reached skill level 1 in Throwing
  2780 | D:1      | Gained mutation: You are partially covered in sharp spines.
                  | [demonic ancestry]
  2780 | D:1      | Reached XP level 4. HP: 6/33 MP: 4/7
  2785 | D:1      | HP: 1/33 [poisoned by an adder]
  3190 | D:3      | Noticed Grinder
  3193 | D:3      | Paralysed by Grinder for 7 turns
  3195 | D:3      | Mangled by a gnoll

Illustrated notes

Levels and vault maps discovered:
D:1:      ldierk_walled_garden_2, layout_basic,
          hellmonk_ecumenical_altar_pennies_from_heaven, palyth_stone_intersect,
          minivault_11
D:2:      layout_rooms, amcnicky_mini_rare_corridor_liquid, serial_bayou_pond_e
D:3:      layout_rooms, hangedman_abyss_or_decor_lesser_grid,
          minmay_close_crescents, uniq_grinder

Skill      XL: |  1  2  3 |
---------------+----------+-----
Short Blades   | 2 3 |  3.9
Throwing       | 1 |  1.7
Fighting       | |  2.0
Armour         | |  0.8
Dodging        | |  1.7
Spellcasting   | |  2.0
Translocations | |  2.6

Action                   |  1- 3 |  4- 6 || total
-------------------------+-------+-------++-------
Melee: Short sword       |   131 |    16 ||   147
       Punch             |       |     1 ||     1
Throw: Boomerang         |     5 |       ||     5
       Dart              |     8 |     2 ||    10
 Cast: Blink             |     1 |       ||     1
  Use: Scroll            |     4 |       ||     4
       Potion            |     1 |       ||     1
Armor: Leather armour    |    38 |       ||    38
Dodge: Dodged            |    59 |     7 ||    66

Table legend: (Time is in decaauts)
 A = Elapsed time spent in this place.
 B = Non-inter-level travel time spent in this place.
 C = Inter-level travel time spent in this place.
 D = Time resting spent in this place.
 E = Time spent auto-exploring this place.
 F = Levels seen in this place.
 G = Mean time per level.
                   A        B        C        D        E       F      G
               +--------+--------+--------+--------+--------+-----+--------+
         Total |   3191 |   3134 |     57 |    762 |   1937 |   3 | 1063.7 |
       Dungeon |   3191 |   3134 |     57 |    762 |   1937 |   3 | 1063.7 |
               +--------+--------+--------+--------+--------+-----+--------+

Top non-repeatable levels by time:
     D:1: 1792 daAuts
     D:3: 1343 daAuts
     D:2: 56 daAuts
